cohdb
Replays
Latest Replays
All Replays
Popular Replays
Top Player Replays
Match Explorer
How It Works
Community
CoH3 Stats
Reddit
Sign in to upload your games and track your stats! →
Sign in with Steam
Match 41921305
Unlisted
Match 41921305
Overview
Messages
Build Orders
End
Construct Barracks
Selects Heavy Weapons
Riflemen Squad
M1 Mortar Team
Riflemen Squad
Riflemen Squad
Infantry Support Center
Construct Medical Station
Grenade Package
Construct Motor Pool
Selects Assault Carriers
Selects Exchangeable Parts
M8 Greyhound Armored Car
Engineer Squad
M1 Anti-tank Gun Team
M1918 Browning Automatic Rifles
M24 Chaffee Light Tank
Survival Training
Munitions Surplus
Selects M26 Pershing Heavy Tank
M1 Anti-tank Gun Team
M26 Pershing Heavy Tank
Selects M2HB .50cal Heavy Machine Gun
Selects Gallant Stand
Selects Black Dragon Artillery Barrage
Black Dragon Artillery Barrage
Black Dragon Artillery Barrage
Riflemen Squad
M26 Pershing Heavy Tank
Riflemen Squad
Engineer Squad
homig
kerem
ShadowStorm
Aquila
Mecska
苏大大
0
0
Comments
sign in to comment!
No comments posted yet!